AoeStats
← pablochatocorrea

Arabia

510570243Analyzed
2v2 RM · 2d ago on Oct 1, 2026· 64m 9s· 4 players
Game mode
Random Map
Map size
Medium (4 player)
Population
200
Speed
Normal
Resources
Standard
Victory
Conquest
Starting age
Dark Age
Ending age
Imperial Age
RankedLock teamsTeams togetherTeam positionsShared explorationLock speedFull tech treeHidden civsTurbo modeCheats
Victory
Defeat
🇬🇧 Bulgarians · United Kingdom
904
+18
🇧🇷 Burgundians · Brazil
897
+18
🇦🇷 Portuguese · Argentina
946
-18
🇦🇷 Malians · Argentina
935
-18
HighTowerM8
0:27 Loom
10:11 Feudal Age
10:54 Double-Bit Axe
10:54 Horse Collar
19:59 Castle Age
19:05 Stone Mining
24:20 Heavy Plow
25:43 Wheelbarrow
25:29 Bow Saw
28:23 Husbandry
30:15 Fletching
31:32 Hand Cart
35:26 Stone Shaft Mining
34:43 Gold Mining
34:53 Gold Mining
38:17 Imperial Age
37:13 Gold Shaft Mining
37:16 Bloodlines
37:19 Forging
37:21 Scale Barding Armor
39:28 Conscription
40:18 Iron Casting
40:28 Masonry
40:39 Ballistics
42:22 Bodkin Arrow
43:52 Architecture
43:41 Pikeman
45:32 Chemistry
44:32 Murder Holes
44:06 Elite Konnik
49:13 Stirrups
51:27 Gambesons
51:44 Squires
51:29 Arson
53:39 Caravan
55:24 Blast Furnace
54:26 Scale Mail Armor
56:34 Bagains
57:01 Chain Barding Armor
56:58 Chain Mail Armor
56:43 Bracer
61:48 Halberdier
GaTTo
0:26 Loom
11:42 Feudal Age
18:48 Castle Age
18:21 Scale Barding Armor
19:59 Husbandry
20:07 Cavalier
21:11 Horse Collar
21:47 Pikeman
23:53 Gold Mining
24:59 Forging
29:14 Iron Casting
30:42 Wheelbarrow
30:43 Fletching
31:30 Double-Bit Axe
36:17 Chain Barding Armor
41:40 Imperial Age
39:09 Stone Mining
41:44 Paladin
45:38 Blast Furnace
47:32 Halberdier
52:14 Conscription
52:41 Heavy Plow
56:43 Plate Barding Armor
58:45 Scale Mail Armor
Rohepe
8:12 Loom
10:11 Feudal Age
10:56 Double-Bit Axe
13:25 Bloodlines
13:46 Horse Collar
15:48 Forging
22:42 Castle Age
23:56 Stone Mining
23:57 Gold Mining
24:17 Husbandry
24:32 Husbandry
25:10 Iron Casting
27:11 Scale Barding Armor
30:36 Sanctity
32:18 Wheelbarrow
35:39 Bow Saw
36:37 Tigui
36:59 Hand Cart
41:31 Imperial Age
39:26 Heavy Plow
41:12 Chain Barding Armor
42:27 Farimba
42:48 Conscription
42:01 Heavy Camel Rider
44:08 Plate Barding Armor
45:24 Gold Shaft Mining
49:13 Fletching
54:55 Theocracy
56:19 Sappers
58:52 Bodkin Arrow
pablochatocorrea
4:50 Loom
10:41 Feudal Age
11:35 Horse Collar
11:53 Double-Bit Axe
13:00 Bloodlines
18:36 Forging
22:58 Castle Age
21:55 Scale Barding Armor
23:24 Scale Mail Armor
23:13 Elite Skirmisher
24:00 Thumb Ring
24:03 Husbandry
26:46 Fletching
32:30 Pikeman
33:21 Heavy Plow
36:08 Imperial Age
33:24 Town Watch
36:07 Chain Mail Armor
36:31 Iron Casting
43:39 Chemistry
42:36 Murder Holes
42:17 Cavalier
45:13 Circumnavigation
48:19 Halberdier
49:44 Plate Mail Armor
51:57 Man-at-Arms
53:06 Gambesons
54:44 Arson
55:01 Padded Archer Armor
60:00 Crop Rotation
65:38 Blast Furnace
64:36 Bodkin Arrow
Connection lost

Rejoining the realm…

Still unreachable

The connection could not be restored.

Session expired

The server has moved on; the page needs a fresh start.